 Dungeon Crawl Stone Soup version 0.24.0-1-gfbc8707 (webtiles) character file.

Game seed: 13998552212315598793, levelgen mode: deterministic

79356 Faca the Severer (level 15, -6/141 HPs)
             Began as a Hill Orc Monk on Nov 5, 2019.
             Was the Champion of Beogh.
             Mangled by a sixfirhy (11 damage)
             ... summoned by an orc high priest
             ... on level 2 of the Orcish Mines.
             The game lasted 01:09:07 (20840 turns).

Faca the Severer (Hill Orc Monk)                   Turns: 20840, Time: 01:09:07

Health: -6/141     AC: 23    Str: 21    XL:     15   Next: 63%
Magic:  27/27      EV:  9    Int: 10    God:    Beogh [******]
Gold:   1996       SH:  6    Dex: 13    Spells: 14/14 levels left

rFire    + . .     SeeInvis .   T - +0 broad axe
rCold    . . .     Gourm    .   g - +0 buckler
rNeg     + . .     Faith    .   Q - +4 chain mail {rF+}
rPois    +         Spirit   .   q - +1 helmet
rElec    .         Reflect  .   J - +0 cloak {rPois}
rCorr    .         Harm     .   z - +0 pair of gloves
MR       ++...                  x - +0 pair of boots
Stlth    ..........             e - amulet of regeneration
HPRegen  0.73/turn              n - ring of positive energy
MPRegen  0.20/turn              H - ring of protection from magic

@: very slightly contaminated
A: walk on water
a: Smiting, Recall Orcish Followers, Give Item to Named Follower, Resurrection,
Renounce Religion


You were on level 2 of the Orcish Mines.
You worshipped Beogh.
Beogh was exalted by your worship.
You were not hungry.

You visited 3 branches of the dungeon, and saw 19 of its levels.
You also visited: Bailey and Volcano.

You collected 1996 gold pieces.

Inventory:

Hand Weapons
 B - the +4 whip of Compound Interest {freeze, MR+}
   (You found it on level 6 of the Dungeon)

   It has been specially enchanted to freeze those struck by it, causing extra
   injury to most foes and up to half again as much damage against particularly
   susceptible opponents.
   It can also slow down cold-blooded creatures.
   It affects your resistance to hostile enchantments.
 T - a +0 broad axe (weapon)
Missiles
 r - 79 boomerangs (quivered)
 C - 12 silver javelins
 E - 7 throwing nets
Armour
 g - a +0 buckler (worn)
 q - a +1 helmet (worn)
 x - a +0 pair of boots (worn)
 z - a +0 pair of gloves (worn)
 J - a +0 cloak of poison resistance (worn)
 O - a +0 large shield
 Q - a +4 chain mail of fire resistance (worn)
 S - a +3 plate armour
Jewellery
 e - an amulet of regeneration (around neck)
 n - a ring of positive energy (left hand)
 o - an uncursed ring of fire
 H - a ring of protection from magic (right hand)
 P - an uncursed ring of flight
Wands
 l - a wand of disintegration (7)
 y - a wand of flame (70)
 D - a wand of paralysis (21)
Scrolls
 d - 6 scrolls of enchant armour
 i - 3 scrolls of remove curse
 j - 6 scrolls of teleportation
 t - 2 scrolls of fear
 u - a scroll of magic mapping
 F - 6 scrolls of enchant weapon
 G - 2 scrolls of fog
 K - a scroll of holy word
 R - 3 scrolls of identify
Potions
 a - 2 potions of magic
 b - 9 potions of curing
 h - 4 potions of berserk rage
 k - a potion of haste
 m - 4 potions of lignification
 p - 4 potions of mutation
 s - 2 potions of might
 v - 4 potions of flight
 w - 2 potions of invisibility
 A - 2 potions of agility
 L - 2 potions of resistance
 N - 3 potions of brilliance
Comestibles
 c - 29 rations


   Skills:
 + Level 15.0 Fighting
 + Level 17.3 Axes
 + Level 12.4 Armour
 - Level 2.4 Dodging
 - Level 1.5 Stealth
 + Level 7.3 Shields
 * Level 16.5 Invocations


You had 14 spell levels left.
You didn't know any spells.
Your spell library contained the following spells:

 Spells                   Type           Power        Failure   Level  Hunger
 Summon Butterflies       Summ           #.......     91%         1    ##.....
 Call Canine Familiar     Summ           #.......     100%        3    ####...
 Summon Ice Beast         Ice/Summ       #.......     100%        4    #####..
 Summon Mana Viper        Hex/Summ       #.......     100%        5    ######.
 Summon Hydra             Summ           #.........   100%        7    #######


Dungeon Overview and Level Annotations

Branches:
Dungeon (11/15)            Temple (0/1) D:7            Lair (6/6) D:8
 Shoals (0/4) Lair:2       Spider (0/4) Lair:3        Slime (0/5) Lair:5
    Orc (2/2) D:10            Elf (0/3) Orc:2        Bailey (visited)
Volcano (visited)

Altars:
Cheibriados
Dithmenos
Kikubaaqudgha
Makhleb
Nemelex Xobeh
Qazlal
Ru
Trog
Vehumet

Shops:
Orc:2 !*:

Annotations:
D:6 3 runed translucent doors, snetch's ghost, novice MiBe
D:7 exclusion: oklob plant
Orc:2 2 transporters, SkeletonJelly's ghost, journeyman VSFi


Message History

You are no longer corroded.
* * * LOW HITPOINT WARNING * * *
You feel sick.
* * * LOW HITPOINT WARNING * * *
You feel sick.
Items here: ( ))))) [[[[ †† You feel better.
Unknown command.
The sixfirhy barely misses you.
The sixfirhy hits you but does no damage.
Things that are here:
a +0 glaive; a +0 chain mail; an orc corpse
Things that are here:
a glowing mace; a ring mail; an orc corpse The sixfirhy hits you but does no damage. x3
The sixfirhy hits you!
* * * LOW HITPOINT WARNING * * *
The sixfirhy shocks you!
You die...
Beogh appreciates the sixfirhy's killing of a heretic priest.

....#### ##...###...# .....
#####..####4..# ..#.#
##.##...###3))# ### #
#...#..###4#.# ..##
##....###)3)## .....#
#.....###o#)## # ......
#......###)).## #.
......####.#....###.))## ##..
.......##..o)##.@###.).## ##...
........##..o###.3###...## ##...#
#........#....###.)###.).###...##
##........)..## ##..##))..#..o.##
#..........### ##.)#.#..)..#.#.
#......#.### ##)))))).).....
.......### ##[).#)#.#...#
......#.## ##)[)......##
.........# ##..#.#..###


You could see a sixfirhy.

Vanquished Creatures
  Rupert (Lair:5)
  An orc warlord (Bailey)
  A fire dragon (Lair:6)
  3 hydras
  A two-headed ogre (D:6)
  3 death yaks (Lair:5)
  Urug (Orc:1)
  A hell knight (Volcano)
  A salamander mystic (Volcano)
  An unseen horror (D:11)
  A lindwurm (Lair:6)
  An orc knight (Orc:1)
  4 salamanders (Volcano)
  5 elephants
  2 black mambas (Lair:6)
  4 molten gargoyles
  A torpor snail (Lair:6)
  6 spiny frogs
  A yaktaur (shapeshifter) (D:11)
  8 komodo dragons
  2 rime drakes
  4 jumping spiders (Lair:3)
  2 polar bears
  A troll (Orc:2)
  A hornet (D:10)
  15 dream sheep
  4 blink frogs (Lair:6)
  8 hippogriffs
  42 yaks
  2 redbacks (Lair:3)
  A fire bat (Volcano)
  5 wyverns
  3 basilisks
  2 steam dragons (Lair:6)
  Edmund (D:4)
  2 wargs
  4 hell hounds (Lair:6)
  7 water moccasins
  8 porcupines
  An ice beast (D:11)
  4 orc warriors
  A sky beast (D:8)
  3 black bears
  A necrophage (D:11)
  9 wolves
  9 ogres
  11 crocodiles
  3 centaurs
  2 big kobolds
  10 bullfrogs
  A wyvern zombie (D:9)
  A scorpion (D:9)
  5 killer bees
  5 wights
  3 howler monkeys
  A centaur zombie (D:9)
  6 crimson imps
  3 lava snakes
  3 quasits
  A bullfrog zombie (D:9)
  3 jellies
  9 hounds
  2 orc priests
  5 orc wizards
  3 bullfrog skeletons
  An iguana (D:6)
  7 worker ants
  Robin (D:4)
  12 adders
  8 gnolls
  A shadow imp (D:10)
  An ooze (D:2)
  An adder zombie (D:5)
  4 worms
  2 dart slugs
  4 leopard geckos
  12 orcs
  A bat (D:2)
  3 giant cockroaches
  21 goblins
  9 hobgoblins
  9 jackals
  6 quokkas
  A ball python (D:1)
  A ball python zombie (D:5)
  2 frilled lizards (D:2)
  A jackal skeleton (D:5)
  29 kobolds
  A quokka skeleton (D:8)
  5 rats
  A fungus (Lair:5)
  6 plants
416 creatures vanquished.

Vanquished Creatures (collateral kills)
  Harold (D:7)
  3 hydras
  3 orc high priests (Orc:2)
  A sun demon (Orc:2)
  A sixfirhy (Orc:2)
  2 orc knights (Orc:2)
  2 orc sorcerers
  5 elephants
  A rust devil (Orc:2)
  Joseph (D:9)
  Psyche (D:8)
  A smoke demon (Orc:2)
  2 spiny frogs (Lair:2)
  A hellwing (Orc:2)
  2 komodo dragons
  2 trolls (D:10)
  Prince Ribbit (D:8)
  A hippogriff (Lair:4)
  2 dream sheep
  A wyvern (Lair:6)
  4 yaks
  2 basilisks
  A chaos spawn (Orc:2)
  Menkaure (D:4)
  4 wargs
  A sky beast (D:6)
  15 orc warriors
  6 ogres
  4 phantoms
  A centaur (D:9)
  A crocodile (D:7)
  2 big kobolds (D:10)
  4 gnoll sergeants (D:10)
  3 bullfrogs
  3 killer bees
  5 wights
  3 howler monkeys
  3 electric eels (D:8)
  3 lava snakes (Lair:6)
  4 crimson imps
  A bullfrog zombie (D:10)
  2 hounds
  2 jellies
  4 orc wizards
  9 orc priests
  A bullfrog skeleton (D:7)
  2 gnoll shamans
  A centaur skeleton (D:6)
  An iguana (D:11)
  8 worker ants
  7 gnolls
  2 adders
  2 shadow imps
  An ooze (D:6)
  An adder zombie (D:8)
  20 orcs
  2 giant cockroaches (D:6)
  A hobgoblin (Bailey)
  4 jackals
  2 kobolds (Bailey)
  4 plants
181 creatures vanquished.

Vanquished Creatures (others)
  An orc high priest (Orc:2)
  2 orc knights (Orc:2)
  8 orc priests
  13 orc warriors
  Maurice (D:10)
  10 orc wizards
  55 orcs
  10 fungi (Lair:6)
  7 plants (Lair:6)
107 creatures vanquished.

Grand Total: 704 creatures vanquished

Notes
Turn   | Place    | Note
-------+----------+-------------------------------------------
     0 | D:1      | Faca the Hill Orc Monk began the quest for the Orb.
     0 | D:1      | Reached XP level 1. HP: 19/19 MP: 1/1
   129 | D:1      | Reached XP level 2. HP: 11/27 MP: 2/2
   788 | D:2      | Reached XP level 3. HP: 7/34 MP: 1/3
  1076 | D:2      | Found an ancient bone altar of Kikubaaqudgha.
  1140 | D:2      | Reached skill level 5 in Axes
  1284 | D:2      | Reached XP level 4. HP: 32/41 MP: 4/4
  1328 | D:2      | Found a stormy altar of Qazlal.
  1515 | D:2      | Reached skill level 5 in Fighting
  1898 | D:2      | Found a sacrificial altar of Ru.
  2011 | D:2      | Reached XP level 5. HP: 45/48 MP: 3/5
  2133 | D:3      | Reached skill level 6 in Axes
  2152 | D:3      | Became a worshipper of Beogh the Brigand
  2152 | D:3      | Reached * piety under Beogh
  2152 | D:3      | Reached ** piety under Beogh
  3061 | D:3      | Found a snail-covered altar of Cheibriados.
  3061 | D:3      | Found a shadowy altar of Dithmenos.
  3505 | D:4      | Reached skill level 1 in Invocations
  3505 | D:4      | Reached XP level 6. HP: 44/57 MP: 2/6
  3651 | D:4      | Noticed Robin
  3663 | D:4      | Reached *** piety under Beogh
  3664 | D:4      | Killed Robin
  3725 | D:4      | Noticed Menkaure
  3731 | D:4      | Killed Menkaure
  3731 | D:4      | Reached skill level 7 in Axes
  3909 | D:4      | Found a bloodstained altar of Trog.
  4027 | D:4      | Noticed Edmund
  4040 | D:4      | Killed Edmund
  4040 | D:4      | Reached XP level 7. HP: 60/64 MP: 6/9
  4512 | D:5      | Entered Level 5 of the Dungeon
  4844 | D:5      | Reached skill level 8 in Axes
  5052 | D:6      | Found a runed translucent gate.
  5052 | D:6      | Found a runed translucent gate.
  5053 | D:6      | Found a runed translucent gate.
  5053 | D:6      | Noticed snetch's ghost (novice MiBe)
  5055 | D:6      | Noticed a wraith
  5056 | D:6      | Noticed a kobold demonologist
  5057 | D:6      | Reached XP level 8. HP: 59/73 MP: 8/11
  5081 | D:6      | Reached skill level 5 in Invocations
  5221 | D:6      | Reached **** piety under Beogh
  5472 | D:6      | Noticed a two-headed ogre
  5483 | D:6      | Killed a two-headed ogre
  5483 | D:6      | Reached skill level 9 in Axes
  6001 | D:6      | Found a sparkling altar of Nemelex Xobeh.
  6034 | D:6      | Found a burning altar of Makhleb.
  6050 | D:6      | Got a faintly glowing whip
  6051 | D:6      | Identified the +4 whip of Compound Interest {freeze, MR+}
                  | (You found it on level 6 of the Dungeon)
  6107 | D:6      | Reached XP level 9. HP: 77/83 MP: 12/14
  6131 | D:6      | Found a radiant altar of Vehumet.
  6274 | D:6      | Reached skill level 10 in Axes
  6586 | D:7      | Gained Berold as an ally
  6626 | D:7      | Found an ancient bone altar of Kikubaaqudgha.
  6626 | D:7      | Noticed an oklob plant
  6662 | D:7      | Noticed Harold
  6674 | D:7      | Killed Harold
  6729 | D:7      | Reached skill level 10 in Fighting
  7062 | D:7      | Reached skill level 11 in Axes
  7104 | D:7      | Found a staircase to the Ecumenical Temple.
  7408 | D:8      | Noticed Prince Ribbit
  7417 | D:8      | Killed Prince Ribbit
  7507 | D:8      | Reached XP level 10. HP: 87/94 MP: 15/17
  7675 | D:8      | Reached ***** piety under Beogh
  7859 | D:8      | Found a staircase to the Lair.
  7859 | D:8      | Noticed an elephant
  7872 | D:8      | Reached skill level 10 in Invocations
  7879 | D:8      | Killed an elephant
  8058 | D:8      | Noticed Psyche
  8067 | D:8      | Killed Psyche
  8138 | D:8      | Reached skill level 12 in Axes
  8426 | D:9      | Found a sparkling altar of Nemelex Xobeh.
  8513 | D:9      | Noticed Joseph
  8528 | D:9      | Killed Joseph
  8535 | D:9      | Gained Bogmar as an ally
  9059 | D:10     | Entered Level 10 of the Dungeon
  9172 | D:10     | Reached XP level 11. HP: 66/104 MP: 19/19
  9187 | D:10     | Paralysed by a hornet for 1 turns
  9198 | D:10     | Killed Maurice
  9198 | D:10     | Reached skill level 13 in Axes
  9317 | D:10     | Reached skill level 1 in Armour
  9451 | D:10     | Found a staircase to the Orcish Mines.
 10084 | D:11     | Found a flagged portal.
 10126 | Bailey   | Entered a bailey
 10193 | Bailey   | Noticed an orc warlord
 10282 | Bailey   | Reached ****** piety under Beogh
 10394 | Bailey   | Found a runed translucent gate.
 10394 | Bailey   | Found a runed translucent gate.
 10394 | Bailey   | Found a runed translucent gate.
 10496 | Bailey   | Killed an orc warlord
 10668 | D:11     | Killed an unseen horror
 10784 | D:11     | Noticed a white ugly thing
 10946 | Lair:1   | Entered Level 1 of the Lair of Beasts
 11113 | Lair:1   | Reached skill level 10 in Armour
 11113 | Lair:1   | Reached XP level 12. HP: 109/113 MP: 21/21
 11114 | Lair:1   | Reached skill level 15 in Axes
 11114 | Lair:1   | Reached XP level 13. HP: 115/119 MP: 21/23
 11829 | Lair:2   | Found a staircase to the Shoals.
 11834 | Lair:2   | Reached XP level 14. HP: 123/129 MP: 24/24
 11997 | Lair:2   | Noticed Nergalle
 12886 | Lair:3   | Reached skill level 1 in Shields
 13286 | Lair:3   | Found a hole to the Spider Nest.
 13954 | Lair:4   | Gained Alork as an ally
 14241 | Lair:4   | Your ally Alork died
 14771 | Lair:5   | Reached skill level 16 in Axes
 14782 | Lair:5   | Reached skill level 15 in Invocations
 14860 | Lair:5   | Found a dark tunnel.
 14891 | Volcano  | Entered a volcano
 15032 | Volcano  | Found a burning altar of Makhleb.
 15653 | Lair:5   | Noticed Rupert
 15658 | Lair:5   | Killed Rupert
 15926 | Lair:5   | Found a staircase to the Slime Pits.
 16486 | Lair:5   | Reached skill level 5 in Shields
 16726 | Lair:6   | Entered Level 6 of the Lair of Beasts
 17226 | Lair:6   | Reached XP level 15. HP: 123/138 MP: 26/26
 17738 | Lair:6   | Gained Bogdar as an ally
 17973 | Lair:6   | Reached skill level 17 in Axes
 17996 | Lair:6   | Gained Bogwald as an ally
 18105 | Lair:6   | Found a large runed translucent door.
 18106 | Lair:6   | Found a large runed translucent door.
 19087 | Orc:1    | Entered Level 1 of the Orcish Mines
 19089 | Orc:1    | Noticed Urug
 19101 | Orc:1    | Killed Urug
 19102 | Orc:1    | Gained Beowulf as an ally
 19474 | Orc:2    | Entered Level 2 of the Orcish Mines
 19783 | Orc:2    | Found a staircase to the Elven Halls.
 19813 | Orc:2    | Your ally Beowulf died
 19819 | Orc:2    | Found Xosef's Book Shop.
 19822 | Orc:2    | Gained Boghold as an ally
 20363 | Orc:2    | Found a transporter.
 20403 | Orc:2    | Noticed SkeletonJelly's ghost (journeyman VSFi)
 20479 | Orc:2    | Found a transporter.
 20627 | Orc:2    | Found Kiubiyp's Distillery.
 20628 | Orc:2    | Found Zuchanypel's General Store.
 20631 | Orc:2    | Gained Arkwar as an ally
 20639 | Orc:2    | Your ally Arkwar died
 20783 | Orc:2    | Gained Hilgar as an ally
 20828 | Orc:2    | Reached skill level 15 in Fighting
 20832 | Orc:2    | HP: 2/141 [soul eater/drain life[an orc high priest] (9)]
 20836 | Orc:2    | Your ally Hilgar died
 20840 | Orc:2    | HP: 5/141 [sixfirhy[an orc high priest] (9)]
 20840 | Orc:2    | Mangled by a sixfirhy

Levels and vault maps discovered:
D:1:      lightli_arrival_chessboard, layout_rooms
D:2:      layout_basic, nicolae_ru_path_of_blood, lemuel_crystal_altar,
          lemuel_tele_altar
D:3:      layout_loops_ring, amethyst_overflow_temple_binary, first_ration
D:4:      layout_gridville, trog_hazing_becter, uniq_robin, uniq_menkaure,
          uniq_edmund
D:5:      kennysheep_spiral_hall, layout_cave_pools
D:6:      layout_gridville, bloody_makhleb, nicolae_overflow_crystal_walls,
          gammafunk_ghost_split, nemelex_dance_club_becter
D:7:      layout_gridville, lemuel_temple_firewalk_b, lemuel_oklob_altar,
          uniq_harold
D:8:      layout_gridville, david_lair_generic, serial_bayou,
          serial_bayou_lagoon_a, serial_bayou_shore_a, serial_bayou_pond_e,
          serial_bayou_pond_b, grunt_ogre_cave, uniq_psyche, uniq_prince_ribbit1
D:9:      layout_small_grid, lemuel_altar_in_water, uniq_joseph
D:10:     layout_cave_pools, kennysheep_orc_monster_closet_entryway,
          uniq_maurice
D:11:     layout_rooms, enter_bailey_2
Lair:1:   layout_regular_city
Lair:2:   layout_regular_city, elwin_shoals_entry_rocks,
          chequers_serial_rivers_micro_b, grunt_megastairs_1, uniq_nergalle
Lair:3:   layout_chaotic_city, nicolae_spider_entry_tight_spaces,
          beast_lair_carwin_10
Lair:4:   layout_cave_pods
Lair:5:   layout_layer_cave, slime_dummy, nicolae_volcano_entry_s_turn,
          grunt_megastairs_2, uniq_rupert
Lair:6:   cheibrodos_lair_end_hotspot, layout_long_grid, wad_woods_river_04
Orc:1:    layout_caves, nicolae_orc_lava_room, uniq_urug
Orc:2:    pf_orc_diabolical, layout_diamond_mine, serial_shops, shop,
          gammafunk_ghost_berserking_beasts, nicolae_orc_pool_cavern

Skill      XL: |  1  2  3  4  5  6  7  8  9 10 11 12 13 14 15 |
---------------+----------------------------------------------+-----
Fighting       | 4 5 6 7 9 10 11 12 13 14 15 | 15.0
Axes           | 5 6 7 8 9 11 12 13 15 16 17 | 17.3
Invocations    | 1 2 4 7 9 11 12 14 15 16 | 16.5
Armour         | 10 11 12 | 12.4
Shields        | 5 7 |  7.3
Dodging        | |  2.4
Stealth        | |  1.5

Action                   |  1- 3 |  4- 6 |  7- 9 | 10-12 | 13-15 || total
-------------------------+-------+-------+-------+-------+-------++-------
Melee: Hand axe          |    78 |   187 |       |       |       ||   265
       War axe           |       |    71 |   232 |   478 |   593 ||  1374
       Whip              |       |       |       |     3 |    67 ||    70
       Broad axe         |       |       |       |       |   432 ||   432
Invok: Convert to Beogh  |       |     1 |       |       |       ||     1
       Smiting           |       |       |       |       |    10 ||    10
Evoke: Wand              |       |       |     2 |    15 |       ||    17
  Use: Potion            |     2 |       |       |     4 |    11 ||    17
       Scroll            |       |     6 |    11 |     4 |    15 ||    36
 Stab: Sleeping          |     1 |     2 |       |       |       ||     3
       Distracted        |       |       |     4 |     3 |     4 ||    11
       Paralysed         |       |       |       |     4 |       ||     4
       Confused          |       |       |       |     1 |       ||     1
  Eat: Chunk             |     1 |     9 |    11 |    12 |    25 ||    58
       Ration            |       |       |       |       |     2 ||     2
Armor: Robe              |     5 |       |       |       |       ||     5
       Scale mail        |    10 |    66 |       |       |       ||    76
       Chain mail        |       |    53 |   137 |   334 |   629 ||  1153
       Plate armour      |       |       |       |       |    77 ||    77
Dodge: Dodged            |    46 |   128 |    77 |   208 |   440 ||   899
Block: Buckler           |       |       |       |       |    14 ||    14
